 Dungeon Crawl Stone Soup version 0.30.0-5-g1a98f26d00 (webtiles) character file.

Game seed: 11513591755334834395

162078 MacCMillion the Severer (level 16, -1/130 (154) HPs)
             Began as a Minotaur Fighter on May 10, 2023.
             Was a High Priest of Okawaru.
             Slain by a ghost moth (10 damage)
             ... while paralysed by a jorogumo
             ... on level 4 of the Spider Nest.
             The game lasted 01:00:49 (36913 turns).

MacCMillion the Severer (Minotaur Fighter)         Turns: 36913, Time: 01:00:50

HP:   -1/130 (154)  AC: 30    Str: 28    XL:     16   Next: 95%
MP:   0/24          EV:  2    Int:  5    God:    Okawaru [*****.]
Gold: 2429          SH:  0    Dex: 13    Spells: 15/15 levels left

rFire   . . .        d - +9 broad axe (heavy)
rCold   + + +        n - +0 kite shield
rNeg    . . .        p - +2 plate armour {rC+}
rPois   +            L - +4 hat of the Endless Expanse {rC+}
rElec   .            h - +2 cloak
rCorr   .            (no gloves)
SInv    .            H - +1 pair of boots {rampage}
Will    +....        I - amulet of guardian spirit Stlth
                     Y - +4 ring of slaying
HPRegen 0.41/turn    k - ring of Urengan {Fly rPois rC+ Dex+2}
MPRegen 0.19/turn

%: guardian spirit, rampage
@: paralysed, flying, studying Shields, heavily drained
A: horns 2, retaliatory headbutt
}: 1/15 runes: gossamer
a: Renounce Religion, Heroism, Finesse, Duel


You were on level 4 of the Spider Nest.
You worshipped Okawaru.
Okawaru was extremely pleased with you.
You visited 5 branches of the dungeon, and saw 27 of its levels.
You also visited: Sewer, Gauntlet and Ice Cave.

You collected 3008 gold pieces.
You spent 579 gold pieces at shops.

Inventory:

Hand Weapons
 d - a +9 heavy broad axe (weapon)
Missiles
 o - 6 atropa-tipped darts
 K - 3 curare-tipped darts
 P - 11 boomerangs
 T - 10 silver javelins
 W - 10 javelins (quivered)
Armour
 h - a +2 cloak (worn)
 n - a +0 kite shield (worn)
 p - a +2 plate armour of cold resistance (worn)
 B - a scarf of resistance
 H - a +1 pair of boots of rampaging (worn)
 L - the +4 hat of the Endless Expanse (worn) {rC+}
   (Okawaru gifted it to you on level 5 of the Lair of Beasts)

   rC:        It protects you from cold.
Jewellery
 b - a ring of protection from cold
 g - the ring of Tension {Fly rElec rF+ EV+5}
   (You found it in a Gauntlet)

   [ring of evasion]

   EV:        It affects your evasion (+5).
   rF:        It protects you from fire.
   rElec:     It insulates you from electricity.
   Fly:       It grants you flight.
 k - the ring of Urengan (right hand) {Fly rPois rC+ Dex+2}
   (You found it on level 1 of the Spider Nest)

   [ring of flight]

   Dex:       It affects your dexterity (+2).
   rC:        It protects you from cold.
   rPois:     It protects you from poison.
   Fly:       It grants you flight.
 x - a +5 ring of evasion
 G - the ring "Utal" {rN+ rCorr Str+3 Dex+6}
   (You acquired it on level 15 of the Dungeon)

   [ring of dexterity]

   Str:       It affects your strength (+3).
   Dex:       It affects your dexterity (+6).
   rN:        It protects you from negative energy.
   rCorr:     It protects you from acid and corrosion.
 I - an amulet of guardian spirit (around neck)
 Q - a ring of magical power
 U - a +4 ring of slaying
 V - the ring of the Shifting Gods {*Slow rF+ rN+ rCorr}
   (You found it on level 9 of the Dungeon)

   [ring of positive energy]

   rF:        It protects you from fire.
   rN:        It protects you from negative energy.
   rCorr:     It protects you from acid and corrosion.
   *Slow:     It may slow you when you take damage.
 Y - a +4 ring of slaying (left hand)
 Z - a +6 ring of strength
Wands
 m - a wand of mindburst (21)
 C - a wand of iceblast (44)
Scrolls
 c - a scroll of torment
 e - 8 scrolls of teleportation
 i - 3 scrolls of enchant weapon
 j - 3 scrolls of magic mapping
 t - 6 scrolls of fog
 u - 7 scrolls of vulnerability
 z - a scroll of enchant armour
 A - 3 scrolls of blinking
 J - a scroll of immolation
 R - 3 scrolls of poison
 S - 2 scrolls of silence
 X - a scroll of fear
Potions
 f - 4 potions of lignification
 l - 10 potions of curing
 q - a potion of cancellation
 r - 7 potions of haste
 s - 4 potions of resistance
 v - 2 potions of might
 w - 6 potions of flight
 y - a potion of mutation
 D - 4 potions of attraction
 F - a potion of berserk rage
 M - 3 potions of heal wounds
 N - 14 potions of ambrosia
 O - 2 potions of invisibility
Miscellaneous
 a - a condenser vane
 E - a phial of floods


   Skills:
 + Level 16.8 Fighting
 - Level 18.0 Axes
 + Level 8.3 Throwing
 + Level 16.7 Armour
 + Level 10.7 Dodging
 - Level 16.0 Shields
 - Level 12.0 Invocations


You had 15 spell levels left.
You didn't know any spells.
Your spell library contained the following spells:

 Spells                   Type           Power      Damage    Failure   Level
 Sting                    Tmut/Pois      0%         1d3       99%         1
 Blink                    Tloc           0%         N/A       99%         2
 Lesser Beckoning         Tloc           0%         N/A       99%         2
 Momentum Strike          Conj/Tloc      0%         3d8       99%         2
 Poisonous Vapours        Pois/Air       0%         N/A       99%         2
 Sublimation of Blood     Necr           0%         N/A       99%         2
 Hailstorm                Conj/Ice       0%         3d3       100%        3
 Ozocubu's Armour         Ice            0%         N/A       100%        3
 Portal Projectile        Hex/Tloc       0%         N/A       100%        3
 Vhi's Electric Charge    Tloc/Air       0%         N/A       100%        3
 Volatile Blastmotes      Fire/Tloc      0%         2d10      100%        3
 Cause Fear               Hex            0%         N/A       100%        4
 Fulminant Prism          Conj/Hex       0%         3d5       100%        4
 Ice Form                 Ice/Tmut       0%         N/A       100%        4
 Iskenderun's Mystic Bla  Conj/Tloc      0%         2d3       100%        4
 Olgreb's Toxic Radiance  Pois           0%         N/A       100%        4
 Arcjolt                  Conj/Air       0%         1d10      100%        5
 Blade Hands              Tmut           0%         N/A       100%        5
 Fireball                 Conj/Fire      0%         3d3       100%        5
 Iskenderun's Battlesphe  Conj           0%         2d6       100%        5
 Lee's Rapid Deconstruct  Erth           0%         3d4*      100%        5
 Yara's Violent Unravell  Hex/Tmut       0%         3d3       100%        5
 Conjure Ball Lightning   Conj/Air       0%         3x3d6     100%        6
 Eringya's Noxious Bog    Tmut/Pois      0%         N/A       100%        6
 Iron Shot                Conj/Erth      0%         9d1       100%        6
 Plasma Beam              Fire/Air       0%         2x1d11    100%        6
 Dragon Form              Tmut           0%         N/A       100%        7
 Orb of Destruction       Conj           0%         9d5       100%        7
 Ozocubu's Refrigeration  Ice            0%         4d7       100%        7
 Polar Vortex             Ice            0%         N/A       100%        9
 Tukima's Dance           Hex            Unusable   N/A       N/A         3
 Summon Forest            Summ/Tloc      Unusable   N/A       N/A         5
 Death Channel            Necr           Unusable   N/A       N/A         6
 Simulacrum               Ice/Necr       Unusable   N/A       N/A         6
 Spellforged Servitor     Conj/Summ      Unusable   N/A       N/A         7
 Summon Hydra             Summ           Unusable   N/A       N/A         7
 Dragon's Call            Summ           Unusable   N/A       N/A         9

Dungeon Overview and Level Annotations

Branches:
Dungeon (15/15)            Temple (1/1) D:7            Lair (5/5) D:8
 Shoals (0/4) Lair:3       Spider (4/4) Lair:2        Slime (0/5) Lair:5
    Orc (2/2) D:9             Elf (0/3) Orc:2        Vaults (0/5) D:13
 Depths (0/4) D:15          Sewer (visited)           IceCv (visited)
Gauntlet (visited)

Altars:
Ashenzari
Cheibriados
Dithmenos
Elyvilon
Fedhas
Gozag
Hepliaklqana
Kikubaaqudgha
Makhleb
Nemelex Xobeh
Okawaru
Qazlal
Ru
Sif Muna
Trog
Uskayaw
Vehumet
Wu Jian
Xom
Yredelemnul
Zin
The Shining One
Jiyva

Shops:
D:7 [:   D:8 :   Orc:2 ([*:*

Annotations:
D:3 1 runed translucent door, 1 exclusion, Crazy Yiuf
D:9 2 transporters
D:12 3 runed translucent doors, ohados's ghost, journeyman OpCj
Lair:4 exclusion: 4 oklob plants


Innate Abilities, Weirdness & Mutations

You have a pair of horns on your head.
You reflexively headbutt those who attack you in melee.


Message History

The bolt of negative energy hits you!!
You feel drained.
* * * LOW HITPOINT WARNING * * *
The torpor snail completely misses you.
You feel you are being watched by something.
The jorogumo hits you but does no damage.
Unknown command.
Unknown command.
You feel much better.
You feel sick.
You are no longer poisoned.
The torpor snail bites you but does no damage.
The jorogumo stares at you and mumbles some strange words.
The stream of webbing hits you but does no damage.
You are even more entangled.
The web tears apart.
You block the jorogumo's attack. You block the torpor snail's attack.
You block the jorogumo's attack.
You feel you are being watched by something.
You feel your power leaking away.
Unknown command.
You chop the torpor snail into pieces!!!
You kill the torpor snail!
Okawaru accepts your kill.
You hit something. You cut the jorogumo into ribbons!!!
You feel yourself speed up. The jorogumo casts a spell at you.
The stream of webbing misses you.
You feel you are being watched by something.
Something hits you!
* * * LOW HITPOINT WARNING * * *
Deactivating autopickup; reactivate with Ctrl-A.
Something barely misses you.
Something stings you but does no damage.
The jorogumo hits you.
* * * LOW HITPOINT WARNING * * *
You suddenly lose the ability to move!
You feel you are being watched by something.
Something hits you but does no damage. x2
Something stings you but does no damage.
The jorogumo hits you but does no damage.
Something hits you but does no damage. Something hits you!
You die...

.#^.)#....#.###^.........#######
..........†#...^^.^............#
..####....#..######.....######^.#
### ##.#...## ####'†'####..## #
##...## #^^.......#...## # #..##
##.........##...## ####
##...........##...#
##...#.....#...##..# ##
#.†@###...###...#..# .#
#.....H{#.....#.......# .##
#........^....^.......# ..##
#..^.......^...........^ #.^####
#..#....#...^...#....#.. #^....##
#. #...###....^###...#..
##.....### ##.. #.......#...##..
###.#...# #......^........#...
####...^# ..#..^.^..#^..##..


You could see a jorogumo.

Vanquished Creatures
  Arachne (Spider:2)
  Jorgrun (D:13)
  Rupert (Orc:2)
  An emperor scorpion (Spider:2)
  2 ghost moths
  An orc warlord (Orc:2)
  A reaper (IceCv)
  A dire elephant (Lair:5)
  2 spark wasps
  A minotaur (Gauntlet)
  Nessos (D:12)
  An entropy weaver (Spider:4)
  3 hydras
  2 ghost crabs (Spider:3)
  7 jorogumos
  2 ogre magi
  4 boulder beetles
  9 death yaks
  2 tengu warriors (D:15)
  4 centaur warriors
  A radroach (Spider:3)
  4 two-headed ogres
  Urug (Lair:5)
  4 orc high priests (Orc:2)
  Nergalle (D:12)
  2 skysharks
  5 pharaoh ants
  A deep troll (D:15)
  2 sun moths
  10 orb spiders
  3 wizards (D:15)
  An orange crystal statue (D:9)
  12 steelbarb worms
  3 necromancers
  16 wolf spiders
  A deep elf zephyrmancer (D:15)
  A harpy (shapeshifter) (D:14)
  2 deep elf pyromancers
  A cyclops (D:15)
  6 orc knights
  6 orc sorcerers (Orc:2)
  8 ugly things
  A manticore (D:13)
  A centaur zombie (D:15)
  10 elephants (Lair:5)
  Maurice (D:8)
  8 black mambas
  3 moths of wrath
  A merfolk siren (Lair:3)
  10 demonic crawlers
  An ice statue (IceCv)
  2 centaur skeletons (D:15)
  A yaktaur (D:15)
  5 torpor snails
  10 rime drakes
  Maggie (D:8)
  A gargoyle (D:11)
  A kobold demonologist (D:14)
  6 cane toads
  An unseen horror (D:11)
  3 tengu conjurers
  An ice devil (IceCv)
  13 komodo dragons
  2 freezing wraiths
  Grinder (D:6)
  3 tyrant leeches (Spider:3)
  5 trolls
  3 queen bees
  6 meliai
  A hornet (D:9)
  A polar bear (Lair:5)
  25 tarantellas
  22 blink frogs
  Prince Ribbit (D:9)
  A centaur simulacrum (D:15)
  15 culicivoras
  17 slime creatures
  A wraith (D:9)
  7 wyverns
  9 jumping spiders
  4 water elementals
  Eustachio (D:4)
  42 yaks
  38 redbacks
  3 basilisks
  11 steam dragons (Lair:3)
  12 vampire mosquitoes
  Menkaure (D:4)
  5 wargs
  An acid dragon (D:9)
  15 water moccasins
  31 orc warriors
  2 ice beasts (D:6)
  A sky beast (D:7)
  2 black bears
  7 ogres
  18 wolves
  9 centaurs
  Blork the orc (D:5)
  5 kobold brigands
  2 gnoll sergeants
  10 bullfrogs
  5 two-headed ogre simulacra (IceCv)
  3 cane toad simulacra (IceCv)
  9 scorpions
  12 wights
  35 killer bees
  An elephant simulacrum (IceCv)
  8 electric eels
  6 howler monkeys
  3 hounds
  A jelly (D:6)
  22 orc priests
  Jessica (D:3)
  A sleepcap (D:6)
  2 iguanas
  25 orc wizards
  4 hell rats (D:7)
  7 spriggan simulacra (IceCv)
  5 troll simulacra (IceCv)
  A boggart skeleton (D:15)
  3 wolf simulacra (IceCv)
  5 gnolls (Orc:2)
  9 adders
  10 naga simulacra (IceCv)
  10 river rats
  A shadow imp (D:6)
  18 white imps
  9 ufetubi
  3 worms (D:3)
  3 dart slugs
  84 orcs
  6 ball pythons
  2 bats
  8 endoplasms
  3 giant cockroaches
  9 goblins
  2 hobgoblins
  8 jackals
  10 quokkas
  3 frilled lizards
  32 kobolds
  38 rats
  A spectral orc (D:5)
988 creatures vanquished.

Vanquished Creatures (others)
  A tyrant leech (Spider:3)
  2 tarantellas (Spider:3)
  A culicivora (Spider:3)
  A kobold (D:9)
5 creatures vanquished.

Grand Total: 993 creatures vanquished

Notes
Turn   | Place    | Note
-------+----------+-------------------------------------------
     0 | D:1      | MacCMillion the Minotaur Fighter began the quest for the
                  | Orb.
     0 | D:1      | Reached XP level 1. HP: 19/19 MP: 0/0
   142 | D:1      | Reached skill level 3 in Axes
   142 | D:1      | Reached XP level 2. HP: 23/26 MP: 1/1
   898 | D:2      | Reached skill level 4 in Axes
   898 | D:2      | Reached XP level 3. HP: 31/31 MP: 2/2
  1582 | D:3      | Found an ornate altar of the Wu Jian Council.
  1582 | D:3      | Found a shimmering altar of Xom.
  1672 | D:3      | Noticed Jessica
  1677 | D:3      | Killed Jessica
  1678 | D:3      | Reached skill level 5 in Axes
  1678 | D:3      | Reached XP level 4. HP: 37/39 MP: 3/3
  1814 | D:3      | Found a runed translucent door.
  1815 | D:3      | Noticed Crazy Yiuf
  1838 | D:3      | Identified the +6 spear "Jisozot" {venom, rPois Int+3}
  1975 | D:3      | Found a glowing drain.
  1988 | Sewer    | Entered a sewer
  2011 | Sewer    | Reached skill level 6 in Axes
  2011 | Sewer    | Reached XP level 5. HP: 37/45 MP: 4/4
  2252 | Sewer    | Reached skill level 7 in Axes
  2490 | Sewer    | Reached XP level 6. HP: 51/51 MP: 5/5
  3671 | D:4      | Reached skill level 8 in Axes
  4375 | D:4      | Noticed a water moccasin
  4381 | D:4      | Killed a water moccasin
  4382 | D:4      | Reached skill level 9 in Axes
  4382 | D:4      | Reached XP level 7. HP: 37/57 MP: 6/6
  4636 | D:4      | Noticed Eustachio
  4656 | D:4      | Killed Eustachio
  4657 | D:4      | Reached skill level 10 in Axes
  4668 | D:4      | Noticed Menkaure
  4674 | D:4      | Killed Menkaure
  5040 | D:4      | Found a glowing silver altar of Zin.
  5050 | D:4      | Reached XP level 8. HP: 55/67 MP: 7/7
  5153 | D:5      | Entered Level 5 of the Dungeon
  5227 | D:5      | Reached skill level 5 in Fighting
  5227 | D:5      | Reached skill level 5 in Armour
  5245 | D:5      | Noticed Blork the orc
  5257 | D:5      | Killed Blork the orc
  5282 | D:5      | Found a sacrificial altar of Ru.
  5430 | D:5      | Found a sparkling altar of Nemelex Xobeh.
  5591 | D:5      | Found a basalt altar of Yredelemnul.
  6317 | D:6      | Found an opulent altar of Gozag.
  6388 | D:6      | Reached skill level 11 in Axes
  6436 | D:6      | Noticed Grinder
  6436 | D:6      | Paralysed by Grinder for 3 turns
  6443 | D:6      | Paralysed by Grinder for 3 turns
  6453 | D:6      | Paralysed by Grinder for 5 turns
  6461 | D:6      | Killed Grinder
  6570 | D:6      | Found a broken altar of Ashenzari.
  6751 | D:6      | Got Sif Muna's Codex of the Autopsy and Shaping
  6913 | D:6      | Reached XP level 9. HP: 64/78 MP: 8/8
  6935 | D:7      | Found a staircase to the Ecumenical Temple.
  6943 | Temple   | Entered the Ecumenical Temple
  7231 | Temple   | Became a worshipper of Warmaster Okawaru
  7780 | D:7      | Reached * piety under Okawaru
  7831 | D:7      | Reached skill level 12 in Axes
  7856 | D:7      | Found a snail-covered altar of Cheibriados.
  7864 | D:7      | Found Sicvi's Antique Armour Emporium.
  7872 | D:7      | Bought a pair of runed boots for 157 gold pieces
  7885 | D:7      | Found Oliatej's Book Shoppe.
  8233 | D:7      | Reached skill level 1 in Invocations
  8865 | D:8      | Reached ** piety under Okawaru
  8880 | D:8      | Noticed Maggie
  8894 | D:8      | Killed Maggie
  8895 | D:8      | Reached skill level 5 in Invocations
  8899 | D:8      | Reached XP level 10. HP: 84/88 MP: 8/12
  8904 | D:8      | Reached skill level 1 in Throwing
  9155 | D:8      | Noticed Maurice
  9176 | D:8      | Killed Maurice
  9176 | D:8      | Reached *** piety under Okawaru
  9498 | D:8      | Found Gekhlifia's Self-Improvement Boutique.
  9707 | D:8      | Found a staircase to the Lair.
  9911 | D:9      | Found a shimmering blue altar of Sif Muna.
  9961 | D:9      | Noticed an orange crystal statue
 10064 | D:9      | Noticed a boulder beetle
 10077 | D:9      | Killed a boulder beetle
 10148 | D:9      | Found a staircase to the Orcish Mines.
 10168 | D:9      | Noticed Prince Ribbit
 10171 | D:9      | Killed Prince Ribbit
 10189 | D:9      | Found a stormy altar of Qazlal.
 10225 | D:9      | Reached **** piety under Okawaru
 10226 | D:9      | Reached skill level 13 in Axes
 10664 | D:9      | Received a gift from Okawaru
 10702 | D:9      | Reached XP level 11. HP: 99/99 MP: 13/13
 10711 | D:9      | Reached skill level 10 in Armour
 10837 | D:9      | Reached skill level 10 in Fighting
 10950 | D:9      | Found a transporter.
 11074 | D:9      | Found a transporter.
 11163 | D:9      | Reached skill level 5 in Throwing
 11175 | D:9      | Killed an orange crystal statue
 11175 | D:9      | Received a gift from Okawaru
 11186 | D:9      | Identified the ring of the Shifting Gods {*Slow rF+ rN+
                  | rCorr}
 11302 | D:10     | Entered Level 10 of the Dungeon
 11355 | D:10     | Noticed a two-headed ogre
 11360 | D:10     | Reached skill level 14 in Axes
 11362 | D:10     | Killed a two-headed ogre
 11985 | D:10     | Found a white marble altar of Elyvilon.
 12309 | D:11     | Identified the +7 mace "Degg" {freeze, Fragile rCorr Int+2
                  | Dex+2}
 12454 | D:11     | Reached skill level 15 in Axes
 12969 | Lair:1   | Entered Level 1 of the Lair of Beasts
 12985 | Lair:1   | Reached ***** piety under Okawaru
 13215 | Lair:1   | Reached skill level 16 in Axes
 13333 | Lair:1   | Identified the +5 scale mail of Buedd {*Corrode rElec rC+
                  | Int+2} (Okawaru gifted it to you on level 1 of the Lair of
                  | Beasts)
 13333 | Lair:1   | Received a gift from Okawaru
 13819 | Lair:1   | Reached XP level 12. HP: 106/106 MP: 15/15
 14038 | Lair:1   | Identified a scroll of acquirement
 14041 | Lair:1   | Acquired a manual of Shields
 14598 | Lair:2   | Reached skill level 17 in Axes
 14733 | Lair:2   | Noticed an eight-headed hydra
 14742 | Lair:2   | Killed an eight-headed hydra
 14863 | Lair:2   | Found a hole to the Spider Nest.
 15815 | Lair:3   | Reached skill level 18 in Axes
 15823 | Lair:3   | Reached skill level 1 in Dodging
 16266 | Lair:3   | Identified the +10 battleaxe "Daokovy" {holy, Str-3 Int+3
                  | Dex+3} (Okawaru gifted it to you on level 3 of the Lair of
                  | Beasts)
 16266 | Lair:3   | Received a gift from Okawaru
 16368 | Lair:3   | Found a staircase to the Shoals.
 17181 | Lair:4   | Reached XP level 13. HP: 115/115 MP: 18/18
 17252 | Lair:4   | Reached ****** piety under Okawaru
 17481 | Lair:4   | Received a gift from Okawaru
 18321 | Lair:4   | Reached skill level 5 in Dodging
 19314 | Lair:5   | Entered Level 5 of the Lair of Beasts
 19324 | Lair:5   | Identified the +4 hat of the Endless Expanse {rC+} (Okawaru
                  | gifted it to you on level 5 of the Lair of Beasts)
 19324 | Lair:5   | Received a gift from Okawaru
 19350 | Lair:5   | Noticed Urug
 19357 | Lair:5   | Killed Urug
 19888 | Lair:5   | Reached skill level 10 in Invocations
 20394 | Lair:5   | Found a viscous altar of Jiyva.
 20394 | Lair:5   | Found a staircase to the Slime Pits.
 20810 | Lair:5   | Noticed a dire elephant
 20810 | Lair:5   | Noticed a dire elephant
 20810 | Lair:5   | Noticed a dire elephant
 20815 | Lair:5   | Killed a dire elephant
 20851 | Lair:5   | Noticed a dire elephant
 20890 | Lair:5   | Received a gift from Okawaru
 20894 | Lair:5   | Reached XP level 14. HP: 51/127 MP: 20/20
 21305 | Orc:1    | Entered Level 1 of the Orcish Mines
 22085 | Orc:2    | Entered Level 2 of the Orcish Mines
 22106 | Orc:2    | Found a staircase to the Elven Halls.
 22133 | Orc:2    | Found Mabliset's Assorted Antiques.
 22371 | Orc:2    | Found a frozen archway.
 22390 | IceCv    | Entered an ice cave
 22630 | IceCv    | Received a gift from Okawaru
 23022 | IceCv    | Noticed a reaper
 23043 | IceCv    | Killed a reaper
 23267 | IceCv    | Identified the +1 battleaxe of Equivalence {speed, Fly
                  | rElec rF- Int+4}
 23270 | IceCv    | Identified the ring of the Mutiny {Str+2 Int+4 Dex+6}
 24297 | Orc:2    | Bought a scroll of teleportation for 87 gold pieces
 24300 | Orc:2    | Bought a scroll of identify for 58 gold pieces
 24369 | Orc:2    | Paralysed by an orc sorcerer for 2 turns
 24620 | Orc:2    | Noticed an orc warlord
 24643 | Orc:2    | Killed an orc warlord
 24643 | Orc:2    | Identified the +2 scale mail of Gyschufi {rCorr} (Okawaru
                  | gifted it to you on level 2 of the Orcish Mines)
 24643 | Orc:2    | Received a gift from Okawaru
 24782 | Orc:2    | Paralysed by an orc sorcerer for 5 turns
 24789 | Orc:2    | Noticed Rupert
 25251 | Orc:2    | Found Keushruwe's Antique Armour Boutique.
 25251 | Orc:2    | Found Vobb's Antique Weapon Shop.
 25256 | Orc:2    | Found Zaxka's General Store.
 25256 | Orc:2    | Found Hafeuphonys's Book Boutique.
 25355 | Orc:2    | Killed Rupert
 25506 | Orc:2    | Found Keushruwe's Antique Armour Boutique.
 25507 | Orc:2    | Found Vobb's Antique Weapon Shop.
 25509 | Orc:2    | Found Zaxka's General Store.
 25509 | Orc:2    | Found Hafeuphonys's Book Boutique.
 25632 | Orc:2    | Found a staircase to the Elven Halls.
 25696 | Orc:2    | Found Mabliset's Assorted Antiques.
 26574 | D:12     | Noticed Nessos
 26580 | D:12     | Killed Nessos
 26625 | D:12     | Reached skill level 5 in Shields
 26861 | D:12     | Noticed Nergalle
 26872 | D:12     | Killed Nergalle
 26950 | D:12     | Found a runed translucent gate.
 26951 | D:12     | Found a runed translucent gate.
 26970 | D:12     | Noticed ohados's ghost (journeyman OpCj)
 26973 | D:12     | Found a runed translucent gate.
 27287 | D:13     | Noticed Jorgrun
 27483 | D:13     | Killed Jorgrun
 27484 | D:13     | Reached skill level 10 in Shields
 27486 | D:13     | Reached XP level 15. HP: 98/138 MP: 16/23
 27638 | D:13     | Found a gate to the Vaults.
 28161 | D:14     | Received a gift from Okawaru
 28939 | D:14     | Found a glowing golden altar of the Shining One.
 28941 | D:14     | Found a white marble altar of Elyvilon.
 28942 | D:14     | Found a glowing silver altar of Zin.
 29043 | D:14     | You fall into a shaft and drop 1 floor!
 29043 | D:15     | Entered Level 15 of the Dungeon
 29106 | D:15     | Found a broken altar of Ashenzari.
 29166 | D:15     | Found a gate leading to a gauntlet.
 29175 | Gauntlet | Entered a Gauntlet
 29175 | Gauntlet | Found a transporter.
 29175 | Gauntlet | Found a transporter.
 29176 | Gauntlet | Found a transporter.
 29177 | Gauntlet | Found a transporter.
 29177 | Gauntlet | Found a transporter.
 29178 | Gauntlet | Found a large runed translucent door.
 29179 | Gauntlet | Found a large runed translucent door.
 29180 | Gauntlet | Found a large runed translucent door.
 29180 | Gauntlet | Found a large runed translucent door.
 29180 | Gauntlet | Found a transporter.
 29180 | Gauntlet | Found a runed translucent door.
 29181 | Gauntlet | Found a large runed translucent door.
 29182 | Gauntlet | Found a large runed translucent door.
 29183 | Gauntlet | Found a large runed translucent door.
 29183 | Gauntlet | Found a large runed translucent door.
 29184 | Gauntlet | Found a runed translucent gate.
 29184 | Gauntlet | Found a runed translucent gate.
 29186 | Gauntlet | Found a transporter.
 29188 | Gauntlet | Found a transporter.
 29189 | Gauntlet | Found a transporter.
 29191 | Gauntlet | Found a transporter.
 29198 | Gauntlet | Found a runed translucent door.
 29200 | Gauntlet | Found a transporter.
 29201 | Gauntlet | Found a transporter.
 29230 | Gauntlet | Found a runed translucent gate.
 29231 | Gauntlet | Found a large runed translucent door.
 29231 | Gauntlet | Found a large runed translucent door.
 29232 | Gauntlet | Found a large runed translucent door.
 29233 | Gauntlet | Found a large runed translucent door.
 29234 | Gauntlet | Found a large runed translucent door.
 29234 | Gauntlet | Found a large runed translucent door.
 29234 | Gauntlet | Found a runed translucent door.
 29235 | Gauntlet | Found a large runed translucent door.
 29236 | Gauntlet | Found a large runed translucent door.
 29515 | Gauntlet | Reached skill level 15 in Shields
 29565 | Gauntlet | Identified the +5 triple crossbow "Ymikimam" {freeze,
                  | rC+++}
 29566 | Gauntlet | Identified the ring of Tension {Fly rElec rF+ EV+5}
 29860 | D:15     | Acquired the ring "Utal" {rN+ rCorr Str+3 Dex+6}
 30597 | D:15     | Found a staircase to the Depths.
 30729 | D:15     | Reached skill level 15 in Fighting
 30729 | D:15     | Reached skill level 15 in Armour
 31162 | Orc:2    | Bought a +2 chain mail of poison resistance for 277 gold
                  | pieces
 31329 | Spider:1 | Entered Level 1 of the Spider Nest
 31526 | Spider:1 | Identified the ring of Urengan {Fly rPois rC+ Dex+2}
 31628 | Spider:1 | Received a gift from Okawaru
 31949 | Spider:1 | Identified the +1 robe of the Pink Corner {Harm Fly rC+
                  | Int-2}
 32560 | Spider:1 | Identified the +7 triple sword of Xadi {drain, rC+ Dex+3}
 33056 | Spider:2 | Reached XP level 16. HP: 143/149 MP: 22/24
 33194 | Spider:2 | Received a gift from Okawaru
 33194 | Spider:2 | Found the +2 cloak of the Thief {*Fog Slay-2 SInv Stlth+}
 33830 | Spider:2 | Noticed Arachne
 33837 | Spider:2 | Killed Arachne
 35164 | Spider:3 | Identified the +0 pair of gloves of the Orb {Rampage
                  | +Blink} (Okawaru gifted it to you on level 3 of the Spider
                  | Nest)
 35164 | Spider:3 | Received a gift from Okawaru
 35338 | Spider:3 | Reached skill level 10 in Dodging
 35423 | Spider:4 | Entered Level 4 of the Spider Nest
 36487 | Spider:4 | Got a gossamer rune of Zot
 36909 | Spider:4 | HP: 1/126 [jorogumo/bolt of negative energy (25)]
 36912 | Spider:4 | Paralysed by a jorogumo for 3 turns
 36913 | Spider:4 | Slain by a ghost moth

Illustrated notes

Levels and vault maps discovered:
D:1:      amcnicky_arrival_double_pillar, layout_basic, kennysheep_flooded_box,
          dreamdust_princess_corridor
D:2:      layout_loops_cross, serial_co_window_serial, co_window_paths_a,
          co_window_corner_a, co_window_corner_a, co_window_corner_a,
          co_window_paths_b, co_window_corner_b, co_window_corner_cb,
          co_window_2corner, co_window_4corner_b, co_window_paths_d,
          glass_columns_a, nrook_campfire
D:3:      layout_loops_corners, gammafunk_temple_overflow_statue,
          portal_sewer_entry_b, uniq_crazy_yiuf_cottage, uniq_jessica
D:4:      layout_basic, mainiacjoe_overflow_small_starburst, uniq_menkaure,
          uniq_eustachio
D:5:      layout_rooms, nemelex_altar_shiori, general_overflow_altar,
          yredelemnul_forgotten_temple_becter, item_on_display_a,
          uniq_blork_the_orc
D:6:      layout_loops_corners, mainiacjoe_overflow_six_doors_small,
          mainiacjoe_overflow_catwalk, amcnicky_mini_pool_small,
          dreamdust_mushroom_princess, minmay_joined_circles, uniq_grinder
D:7:      lemuel_ratsnest, layout_cave_pools, mainiacjoe_overflow_tiny_flanked,
          minmay_temple_entry_wispy, serial_shops, nicolae_shop_peninsula,
          nicolae_take_the_stairs
D:8:      layout_loops_ring, grunt_lair_entry_orc_guard_hut,
          nicolae_shop_self_help, uniq_maggie, uniq_maurice
D:9:      layout_roguey [special_room_bee], grunt_qazlal_clouds,
          lemuel_crystal_altar, orc_0_dummy, minivault_15, nicolae_diode_stairs,
          uniq_prince_ribbit1
D:10:     layout_cave_pods, elyvilon_altar_5
D:11:     layout_big_octagon, serial_column_ruins, column_ruins_courtyard_long,
          column_ruins_hut, column_ruins_open_small, column_ruins_grid_2,
          column_ruins_columns_corner, column_ruins_grid_1,
          column_ruins_open_large, column_ruins_open_tiny,
          nicolae_concentric_dashed_squares_mild
D:12:     layout_basic, maelrawn_ghost_gauntlet_escape,
          minmay_tree_intersection, serial_bayou_ford_a, uniq_nergalle,
          uniq_nessos
D:13:     layout_loops_cross, david_vaults_2, uniq_jorgrun
D:14:     layout_basic, good_gods_temple_1
D:15:     grunt_enter_depths_magical_seal, layout_small_grid,
          gauntlet_entry_generic, roderic_lattice_a, evilmike_ruin_ashenzari
Temple:   nicolae_temple_bog_church
Lair:1:   layout_loops_ring
Lair:2:   layout_layer_cave, spider_nest_entry_web_field
Lair:3:   layout_chaotic_city, minmay_shoals_entry_lonely_mermaid,
          bobbens_dragon_lair_wall, lemuel_fruit_fields, lemuel_fruit_tree,
          infiniplex_staircase_pool
Lair:4:   layout_loops_ring, serial_bayou, serial_bayou_lagoon_a,
          serial_bayou_pond_a, serial_bayou_pond_d, serial_bayou_pond_b,
          nicolae_quartered_pool_super, dpeg_oklob_1
Lair:5:   due_jungle_book, layout_regular_city, slime_entry_1, uniq_urug
Spider:1: layout_cave_pods
Spider:2: layout_spider_delve, uniq_arachne
Spider:3: layout_cave_pods, nicolae_spider_swamp_cousins
Spider:4: johnstein_spider_rune_arachne_lair, nicolae_spider_twisty_arc_passages
Orc:1:    layout_caves, nicolae_orc_pool_cavern
Orc:2:    st_orc_congregation, layout_diamond_mine, basic_altar,
          portal_ice_cave_entry_imps, guppyfry_orc_lava_fort, uniq_rupert

Skill      XL: |  1  2  3  4  5  6  7  8  9 10 11 12 13 14 15 16 |
---------------+-------------------------------------------------+-----
Axes           | 3 4 5 6 7 9 10 11 12 13 16 18 | 18.0
Shields        | 4 10 15 16 | 16.0
Fighting       | 4 6 8 9 10 12 14 15 16 | 16.8
Armour         | 4 6 8 9 10 12 14 15 16 | 16.7
Invocations    | 5 6 8 10 12 | 12.0
Throwing       | 4 5 8 |  8.3
Dodging        | 3 7 8 10 | 10.7

Action                     |  1- 3 |  4- 6 |  7- 9 | 10-12 | 13-15 | 16-18 || total
---------------------------+-------+-------+-------+-------+-------+-------++-------
  Melee: War axe           |    69 |   139 |   287 |     8 |       |       ||   503
         Headbutt          |     6 |    15 |    58 |    58 |   151 |    62 ||   350
         Broad axe         |       |       |       |   328 |   823 |   293 ||  1444
         Mace              |       |       |       |     5 |       |       ||     5
  Throw: Dart              |       |       |       |    14 |     1 |       ||    15
         Javelin           |       |       |       |       |     9 |       ||     9
 Invoke: Heroism           |       |       |     1 |       |       |       ||     1
         Finesse           |       |       |       |       |     5 |     3 ||     8
  Evoke: Wand              |       |       |       |       |     6 |       ||     6
    Use: Potion            |       |       |     2 |       |     2 |     5 ||     9
         Scroll            |       |       |     5 |    15 |    18 |     5 ||    43
 Armour: Scale mail        |    25 |    60 |    14 |       |       |       ||    99
         Plate armour      |       |       |    97 |   123 |   277 |   195 ||   692
         Chain mail        |       |       |       |    80 |   148 |       ||   228
  Dodge: Dodged            |    34 |    48 |   123 |   215 |   328 |   142 ||   890
  Block: Buckler           |    17 |    36 |    50 |    91 |    88 |       ||   282
         Kite shield       |       |       |       |       |   167 |   193 ||   360
